 Dungeon Sprint DCSS version 0.21.2 (webtiles) character file.

700000 Fang the Severer (level 11, -44/92 HPs)
             Began as a Demonspawn Gladiator on Oct 2, 2018.
             Was an Initiate of Makhleb.
             Annihilated by a meat berserker
             ... wielding a +9 battleaxe
              (46 damage)
             ... in the Dungeon (Sprint VIII: "Arena of Blood").
             The game lasted 00:00:18 (7 turns).

Fang the Severer (Demonspawn Gladiator)                Turns: 7, Time: 00:00:18

Health: -44/92     AC:  5    Str: 17    XL:     11   Next: 71%
Magic:  11/11      EV: 23    Int: 10    God:    Makhleb [......]
Gold:   0          SH:  0    Dex: 15    Spells: 10/10 levels left

rFire    . . .     SeeInvis .   l - +∞ Axe of Woe
rCold    . . .     Gourm    .   (shield currently unavailable)
rNeg     . . .     Faith    .   b - +0 leather armour
rPois    .         Spirit   .   (helmet restricted)
rElec    .         Reflect  .   (no cloak)
rCorr    .         Harm     .   (no gloves)
MR       .....     NoTele   +   (no boots)
Stlth    ++........             (no amulet)
HPRegen  0.25/turn              (no ring)
MPRegen  0.12/turn              (no ring)

@: no status effects
A: horns 2, iridescent scales 1, nightstalker 1
a: Renounce Religion


You were in the Dungeon.
You worshipped Makhleb.
Makhleb was noncommittal.
You were not hungry.

You visited 1 branch

Inventory:

Hand Weapons
 l - the +∞ Axe of Woe (weapon)
   (You found it in the Dungeon)
Missiles
 d - 3 throwing nets (quivered)
Armour
 b - a +0 leather armour (worn)
 c - a +0 helmet
Scrolls
 k - a scroll of blinking
Potions
 e - a potion of curing
 g - a potion of heal wounds
 h - a potion of haste
 i - 2 potions of magic
 j - a potion of berserk rage
Comestibles
 f - a ration


   Skills:
 + Level 10.3 Fighting
 + Level 16.5 Axes
 + Level 9.5 Throwing
 + Level 16.5 Dodging


You had 10 spell levels left.
You didn't know any spells.

Dungeon Overview and Level Annotations

Branches:
Dungeon (1/1)

Altars:
Makhleb


Innate Abilities, Weirdness & Mutations

You have a pair of horns on your head.
You are partially covered in iridescent scales. (AC +2)
You are slightly more attuned to the shadows.


Message History

You feel agile.
You have reached level 9!
Your experience leads to an increase in your attributes!
Increase (S)trength, (I)ntelligence, or (D)exterity?
You feel stronger.
Your demonic ancestry asserts itself...
The horns on your head grow some more.
You have reached level 10!
You have reached level 11!
You hear a shout!
The meat berserker rages.
You hear a shout! x6
The meat berserker hits you with a +9 battleaxe!!!
Ouch! That really hurt!
You hear a shout! x2
The bag of meat hits you with a +9 war axe!!
* * * LOW HITPOINT WARNING * * *
You hear a shout! x6
The meat berserker hits you with a +9 battleaxe!!!
Ouch! That really hurt!
You die...

..... .. #...
.# . #... ..#
..###... ..###.
......###......
....._......
#.....# #_@<._#
#o)O..#
..o.O_......
......###......
..###... ..###.
. #... ..# #...
.# ..... ..


You could see 2 meat berserkers and 2 bags of meat.

Vanquished Creatures
  An orc (D)
1 creature vanquished.

Notes
Turn   | Place    | Note
-------+----------+-------------------------------------------
     0 | D        | Found the +∞ Axe of Woe
     0 | D        | Fang the Demonspawn Gladiator began the quest for the Orb.
     0 | D        | Reached XP level 1. HP: 16/16 MP: 1/1
     3 | D        | Noticed a bag of meat
     4 | D        | Noticed a bag of meat
     5 | D        | Became a worshipper of Makhleb the Destroyer
     7 | D        | Noticed a meat berserker
     7 | D        | Noticed a meat berserker
     7 | D        | Noticed a bag of meat
     7 | D        | Killed a bag of meat
     7 | D        | Reached skill level 10 in Fighting
     7 | D        | Gained mutation: You are slightly more attuned to the shadows. [demonic ancestry]
     7 | D        | Reached XP level 2. HP: 36/36 MP: 2/2
     7 | D        | Reached XP level 3. HP: 42/42 MP: 3/3
     7 | D        | Gained mutation: You are partially covered in iridescent scales. (AC +2) [demonic ancestry]
     7 | D        | Reached XP level 4. HP: 48/48 MP: 4/4
     7 | D        | Reached XP level 5. HP: 54/54 MP: 5/5
     7 | D        | Reached XP level 6. HP: 61/61 MP: 6/6
     7 | D        | Gained mutation: You have a pair of small horns on your head. [demonic ancestry]
     7 | D        | Reached XP level 7. HP: 67/67 MP: 7/7
     7 | D        | Reached XP level 8. HP: 73/73 MP: 8/8
     7 | D        | Gained mutation: You have a pair of horns on your head. [demonic ancestry]
     7 | D        | Reached XP level 9. HP: 79/79 MP: 9/9
     7 | D        | Reached XP level 10. HP: 86/86 MP: 10/10
     7 | D        | Reached XP level 11. HP: 92/92 MP: 11/11
     7 | D        | HP: 2/92 [bag of meat/+9 war axe (28)]
     7 | D        | Annihilated by a meat berserker

Skill      XL: |  1 |
---------------+----+-----
Fighting       | 10 | 10.3
Axes           | 16 | 16.5
Throwing       | 9 |  9.5
Dodging        | 16 | 16.5

Action                   |  1- 3 |  4- 6 |  7- 9 | 10-12 || total
-------------------------+-------+-------+-------+-------++-------
Melee: Executioner's axe |     1 |       |       |       ||     1
